cohdb
Replays
Latest Replays
All Replays
Popular Replays
Top Player Replays
Match Explorer
How It Works
Community
CoH3 Stats
Reddit
Sign in to upload your games and track your stats! →
Sign in with Steam
Match 42318143
Unlisted
Match 42318143
Overview
Messages
Build Orders
End
Construct Section Command Post
Infantry Section
Vickers Machine Gun Team
Dingo Light Scout Car
Infantry Section
Grenade Package
Construct Platoon Command Post
Humber Armored Car
Infantry Section
Infantry Training
Selects Air and Sea Battlegroup
Selects Air and Sea Battlegroup
Selects Supply Surplus
6-pounder Anti-tank Gun Team
Construct Resource Cache
Construct Resource Cache
Construct Company Command Post
CMP 15cwt Truck
Forward Retreat Point
Construct Company Command Post
Selects UNKNOWN (223837)
Selects Commando Section Paradrop
Selects M1 Pack Howitzer Paradrop
Centaur IV Medium Tank
Centaur IV Medium Tank
Kanade
PlammX
Krötentöten
Tharrats
[DeanOfBao]hokkskyc
Luce
【HAN】biabiabiabiabiabiabiabi
[82AD] ulT1Mate
0
0
Comments
sign in to comment!
No comments posted yet!